 Dungeon Crawl Stone Soup version 0.27-a0-1200-g94dc6ad4cf (webtiles) character file.

Game seed: 16488333898779473042

74 bilbop the Shield-Bearer (level 4, 0/40 HPs)
             Began as a Minotaur Fighter on June 2, 2021.
             Was an Initiate of Trog.
             Slain by an adder (2 damage)
             ... on level 2 of the Dungeon.
             The game lasted 00:04:28 (1836 turns).

bilbop the Shield-Bearer (Minotaur Fighter)         Turns: 1836, Time: 00:04:29

Health: 0/40       AC:  9    Str: 21    XL:     4   Next: 9%
Magic:  3/3        EV:  5    Int:  5    God:    Trog [......]
Gold:   125        SH:  9    Dex: 10    Spells: 3/3 levels left

rFire    . . .     SeeInvis .   a - +0 flail
rCold    . . .     Faith    .   c - +0 kite shield
rNeg     . . .     Spirit   .   l - +0 chain mail
rPois    .         Reflect  .   (helmet restricted)
rElec    .         Harm     .   (no cloak)
rCorr    .         Rampage  .   (no gloves)
Will     +....                  (no boots)
Stlth    ..........             (no amulet)
HPRegen  0.13/turn              j - ring of willpower
MPRegen  0.08/turn              (no ring)

@: lethally poisoned (0 -> -1)
A: horns 2, retaliatory headbutt
a: Renounce Religion


You were on level 2 of the Dungeon.
You worshipped Trog.
Trog was noncommittal.
You visited 1 branch of the dungeon, and saw 2 of its levels.

You collected 125 gold pieces.

Inventory:

Hand Weapons
 a - a +0 flail (weapon)
 b - a +0 hunting sling
Missiles
 k - 27 sling bullets
Armour
 c - a +0 kite shield (worn)
 l - a +0 chain mail (worn)
 m - a +0 scale mail
Jewellery
 j - a ring of willpower (left hand)
Scrolls
 g - a scroll of silence {unknown}
 h - a scroll of immolation {unknown}
 n - 3 scrolls of identify {unknown}
Potions
 d - a potion of might
 e - a potion of mutation {unknown}
 f - a potion of heal wounds {unknown}
 i - a potion of degeneration {unknown}


   Skills:
 + Level 4.1 Fighting
 * Level 3.8 Maces & Flails
 + Level 0.6 Slings
 + Level 4.1 Armour
 * Level 4.2 Shields
 + Level 0.3 Invocations


You had 3 spell levels left.
You didn't know any spells.
Your spell library was empty.

Dungeon Overview and Level Annotations

Branches:
Dungeon (2/15)

Altars:
Trog

Shops:
D:2 *


Innate Abilities, Weirdness & Mutations

You have a pair of horns on your head.
You reflexively headbutt those who attack you in melee.


Message History

You headbutt the adder, but do no damage.
The adder bites you but does no damage. You block the adder's attack.
You completely miss the adder. Your headbutt misses the adder.
The adder bites you but does no damage. You block the adder's attack.
Your shield and chain mail prevent you from hitting the adder.
Your headbutt misses the adder. The adder bites you but does no damage.
You sock the adder! Your headbutt misses the adder.
The adder is almost dead.
The adder bites you but does no damage. x2
You sock the adder!
You kill the adder!
Trog accepts your kill. The adder bites you but does no damage.
You have reached level 4!
You feel agile.
You barely miss the adder. The adder barely misses you.
You block the adder's attack.
You miss the adder. The adder barely misses you.
The adder bites you but does no damage.
You closely miss the adder. You block the adder's attack.
Your chain mail prevents you from hitting the adder.
The adder bites you but does no damage. x2
You hit the adder. Your headbutt misses the adder.
The adder is moderately wounded.
You block the adder's attack. x2
You hit the adder.
The adder is moderately wounded.
The adder bites you.
* * * LOW HITPOINT WARNING * * *
You are poisoned.
The adder poisons you! You block the adder's attack.
You miss the adder.
The adder is moderately wounded.
* * * LOW HITPOINT WARNING * * *
You feel sick.
The adder bites you but does no damage. x2
You hit the adder.
The adder is heavily wounded.
* * * LOW HITPOINT WARNING * * *
You feel sick. The adder bites you but does no damage. The adder bites you.
You die...

...#.....###.....#
.........###.....#
#.......##......#
#...###.##......#
..##..##.##(†....#
#...........### ?
#.##.###.####
..[.##g##.###.#
#..lS@.....#
#..###.##### ....
#.# .#.. ..# #.
### .. #


You could see an adder, a hobgoblin and a frilled lizard.

Vanquished Creatures
  2 adders (D:2)
  A dart slug (D:2)
  6 ball pythons
  7 bats
  8 endoplasms
  5 goblins
  A hobgoblin (D:1)
  8 jackals
  A frilled lizard (D:1)
  7 kobolds
  3 rats
49 creatures vanquished.

Notes
Turn   | Place    | Note
-------+----------+-------------------------------------------
     0 | D:1      | bilbop the Minotaur Fighter began the quest for the Orb.
     0 | D:1      | Reached XP level 1. HP: 19/19 MP: 0/0
   289 | D:1      | Reached XP level 2. HP: 27/27 MP: 1/1
   762 | D:1      | Reached XP level 3. HP: 33/33 MP: 2/2
   981 | D:1      | Found a faded altar of an unknown god.
  1331 | D:2      | Found a bloodstained altar of Trog.
  1338 | D:2      | Became a worshipper of Trog the Wrathful
  1340 | D:2      | Found Zatobit's General Store.
  1829 | D:2      | Reached XP level 4. HP: 9/40 MP: 3/3
  1836 | D:2      | HP: 2/40 [poisoned by an adder]
  1836 | D:2      | Slain by an adder

Illustrated notes

Levels and vault maps discovered:
D:1:      nzn_arrival_water_spiral, layout_loops_corners,
          hellmonk_ecumenical_altar_lost_god
D:2:      layout_loops_cross, basic_altar, serial_shops, shop_fountains,
          minmay_hexomino_c4

Skill      XL: |  1  2  3 |
---------------+----------+-----
Maces & Flails | 3 |  3.8
Shields        | 4 |  4.2
Fighting       | 4 |  4.1
Armour         | 4 |  4.1
Slings         | |  0.6
Invocations    | |  0.3

Action                   |  1- 3 |  4- 6 || total
-------------------------+-------+-------++-------
Melee: Flail             |   112 |     8 ||   120
       Headbutt          |     9 |       ||     9
Armor: Scale mail        |    34 |       ||    34
       Chain mail        |    28 |     6 ||    34
Dodge: Dodged            |    20 |     2 ||    22
Block: Kite shield       |    65 |     5 ||    70

Table legend: (Time is in decaauts)
 A = Elapsed time spent in this place.
 B = Non-inter-level travel time spent in this place.
 C = Inter-level travel time spent in this place.
 D = Time resting spent in this place.
 E = Time spent auto-exploring this place.
 F = Levels seen in this place.
 G = Mean time per level.
                   A        B        C        D        E       F      G
               +--------+--------+--------+--------+--------+-----+--------+
         Total |   1894 |   1820 |     74 |      0 |   1528 |   2 |  947.0 |
       Dungeon |   1894 |   1820 |     74 |      0 |   1528 |   2 |  947.0 |
               +--------+--------+--------+--------+--------+-----+--------+

Top non-repeatable levels by time:
     D:1: 1238 daAuts
     D:2: 656 daAuts
